Unix xNetHack Version 7.1.0 - last build Jun 10 2022 16:52:22 (33bbff3b7d1ce07880d5c4b1c5efc7e91935e5b9). Game began 2022-06-05 16:53:54, ended 2022-06-15 21:18:45. jt, lawful female dwarven Valkyrie --------- |.E%Ma..| |D.OqfDA| ------ |.MU@DAa| |.... |.[Y@%N.| --------- --..--------- | |.DDDqq.| | --.......-- --...|..../..| |. ----A---- .|--.........---$.%.|...))..| |......A......||......%%%%))).$$.-..._...| ---....@%$..-----.........---....|.......| -----|----- --...%%..-- --...|....%..| --..!....-- ----|---- --..--------- --.........--------%.%------ |... |.....).?...|.....%%.%.....| ----- --.........--.....A.%......| --./.....--.....%/.%......| - ----|----......%.........| |....."%%....................| ------------------------------ Jt the Champion St:18/94 Dx:19 Co:24 In:10 Wi:16 Ch:13 Lawful S:1479251 Astral Plane $:0 HP:290(349) Pw:76(76) AC:-35 Xp:28/570591 T:41609 Satiated Latest messages: The ogre king misses the killer bee. The baluchitherium claws the killer bee. The killer bee is killed! The black dragon bites the giant beetle. The black dragon hits the giant beetle. The black dragon claws the giant beetle. The giant beetle bites the black dragon. The black dragon bites the giant ant. The giant ant is killed! The couatl bites the giant beetle. The couatl's bite was poisoned! The poison doesn't seem to affect the giant beetle. The couatl bites the giant beetle. The couatl squeezes the giant beetle. The giant beetle bites the couatl. The orange dragon drops a scroll of create monster. The orange dragon bites the giant beetle. The giant beetle is killed! The ettin mummy drops a rotted mummy wrapping. The baluchitherium claws the giant beetle. The baluchitherium claws the giant beetle. The black naga bites the giant beetle. The baluchitherium claws the giant beetle. The giant beetle is killed! The Angel of Odin zaps you with a magic missile! The magic missile hits the gold dragon! The magic missile misses the high priest of Tyr. The magic missile whizzes by you! The magic missile hits the baluchitherium! The magic missile hits the giant mummy! The renegade priest of Tyr picks up a large shield. The invisible Angel of Moloch zaps you with a magic missile! The magic missile hits the Angel of Odin. The magic missile hits the gold dragon! The magic missile hits the high priest of Tyr! The magic missile whizzes by you! The magic missile hits the baluchitherium! There is a high altar to Tyr (lawful) here. What do you want to sacrifice? [R or ?*] R You offer the Amulet of Yendor to Tyr... A visible choir sings, and you are bathed in radiance... The voice of Tyr booms: "Mortal, thou hast done well!" "In return for thy service, I grant thee the gift of Immortality!" You ascend to the status of Demigoddess... Do you want your possessions identified? [ynq] (y) y Do you want to see your attributes? [ynq] (y) y Do you want an account of creatures vanquished? [ynaq] (y) y Do you want a list of extinct species? [ynq] (y) y Do you want to see your conduct and achievements? [ynq] (y) y Do you want to see the dungeon overview? [ynq] (y) y Major events: Turn 1: jt the lawful dwarven Valkyrie entered the dungeon 667: attained the rank of Skirmisher (level 3) 1160: entered the Gnomish Mines 2014: reached Mine Town 4002: attained the rank of Fighter (level 6) 4927: entered Sokoban 5299: completed sokoban 1 5937: completed sokoban 2 6377: completed sokoban 3 7248: completed sokoban 4 9782: acquired the Mines' End luckstone 10694: bestowed with Mjollnir by Tyr 11671: acquired the Sokoban bag of holding 12148: bestowed with Trollsbane by Tyr 13059: was given Excalibur by the Lady of the Lake 13710: attained the rank of Woman-at-arms (level 10) 19613: consulted the Oracle 20805: attained the rank of Warrior (level 14) 21786: killed Medusa 22339: entered Gehennom 24722: attained the rank of Swashbuckler (level 18) 27170: found Sunsword on the floor 27443: found Sol Valtiva carried by a monster 27448: killed Lord Surtur 27453: acquired the Bell of Opening 27829: made her first wish - "marker" 29173: found Dragonbane on the floor 30935: killed Asmodeus 32178: killed Juiblex 32279: killed the invisible Baalzebub 32896: attained the rank of Heroine (level 22) 33784: destroyed Vlad the Impaler 33788: acquired the Candelabrum of Invocation 35027: killed Yeenoghu 35422: killed Orcus 39000: killed the Wizard of Yendor 39033: acquired the Book of the Dead 39056: performed the invocation 39064: killed the Wizard of Yendor (for the 2nd time; on level 50, Gehennom) 39155: attained the rank of Champion (level 26) 39325: killed the high priest of Moloch 39328: acquired The Amulet of Yendor 40205: killed the Wizard of Yendor (for the 3rd time; on level 24, the Dungeons of Doom) 40899: entered the Elemental Planes 40899: entered Plane of Earth 40973: entered Plane of Air 41020: entered Plane of Fire 41046: entered Plane of Water 41442: entered the Astral Plane 41462: killed Famine 41476: killed Famine (for the 2nd time) 41492: killed Famine (for the 3rd time) 41515: wished for "marker" 41522: wished for "marker" 41575: killed Death 41609: ascended Inventory: Inventory: 924/1100 weight (50/52 slots) Amulets P - an uncursed copper amulet of life saving {24} B - an uncursed iron amulet of life saving (being worn) {22} Weapons b - the rustproof +3 Dragonbane {35} L - a blessed +1 mithril spear (at the ready) {18} f - a blessed corrodeproof +7 silver spear (wielded in left hand) {33} a - the blessed rustproof +6 Excalibur (wielded in right hand) {40} g - the blessed +0 Sol Valtiva {93} Armor d - an uncursed +3 mithril dented pot (being worn) {5} I - a blessed thoroughly burnt +3 pair of cloth gauntlets of dexterity (being worn) {5} t - a blessed +4 pair of speed boots (being worn) {15} Q - a blessed fireproof +5 oilskin cloak (being worn) {8} K - a blessed +5 Hawaiian shirt with a plumeria motif (being worn) {4} S - an uncursed gray-scaled +5 mithril elven ring mail (being worn) {88} Comestibles Z - an uncursed lizard corpse {10} Scrolls w - an uncursed indestructible scroll of create monster {5} Spellbooks o - the blessed Book of the Dead {20} Rings W - an uncursed +2 ring of carrying (on left hand) {3} y - an uncursed ring of conflict {3} H - an uncursed +4 ring of gain constitution (on right hand) {3} M - an uncursed +1 ring of protection {3} Wands N - a wand of death (1:6) {7} k - a wand of death (0:4) {7} G - a wand of digging (0:5) {7} J - a wand of secret door detection (0:10) {7} X - a wand of teleportation (0:5) {7} n - a wand of teleportation (1:4) {7} C - a wand of teleportation (0:4) {7} m - a wand of teleportation (0:3) {7} Tools j - a blessed greased bag of holding containing 82 items {254} p - an uncursed sack named cancellation etc containing 3 items {36} F - an uncursed mithril tooled horn {36} h - the Bell of Opening (0:2) {10} E - an uncursed leather blindfold {3} x - the cursed Candelabrum of Invocation (7 of 7 candles, lit) {24} V - an uncursed silver magic lamp (lit) {21} e - a magic marker (0:73) {2} i - a magic marker (0:58) {2} z - an uncursed magic whistle {3} q - an uncursed wooden skeleton key {1} u - a blessed +0 unicorn horn {20} Gems/Stones U - an uncursed amber stone {1} A - an uncursed amethyst stone {1} D - an uncursed black opal {1} r - an uncursed diamond {1} l - an uncursed emerald {1} O - an uncursed fluorite stone {1} s - an uncursed jade stone {1} v - an uncursed jasper stone {1} c - an uncursed ruby {1} T - a blessed luckstone {10} Contents of the bag of holding: an uncursed silver amulet of guarding an uncursed iron amulet of life saving an uncursed silver amulet of magical breathing an uncursed amulet of reflection a +1 athame a +0 silver dagger an uncursed +0 pair of jumping boots a blessed +0 cloak of magic resistance a blessed +3 robe 2 uncursed cram rations an uncursed K-ration 2 uncursed lembas wafers 3 uncursed lumps of royal jelly a blessed tin of deep fried red dragon meat a blessed tin of disenchanter meat 3 uncursed lizard corpses 3 cursed scrolls of blank paper a blessed scroll of charging 2 uncursed scrolls of earth a blessed scroll of fire an uncursed scroll of fire an uncursed scroll of magic mapping 3 blessed scrolls of remove curse an uncursed scroll of stinking cloud a blessed scroll of taming a blessed potion of full healing an uncursed potion of full healing 11 potions of holy water 2 potions of unholy water an uncursed ring of cold resistance an uncursed ring of conflict an uncursed ring of conflict an uncursed ring of levitation an uncursed ring of poison resistance an uncursed ring of polymorph an uncursed ring of polymorph control an uncursed ring of protection from shape changers an uncursed ring of regeneration an uncursed ring of see invisible an uncursed ring of slow digestion an uncursed ring of teleport control an uncursed ring of teleportation an uncursed ring of warning a wand of cold (0:7) a wand of cold (0:2) a wand of death (0:0) a wand of death (0:0) a wand of digging (0:6) a wand of digging (0:4) a wand of digging (0:4) a wand of digging (0:2) a wand of digging (0:2) a wand of digging (0:2) a wand of enlightenment (0:10) a wand of fire (0:5) a wand of fire (0:0) a wand of light (0:10) a wand of light (0:10) a wand of lightning (0:8) a wand of lightning (0:7) a wand of opening (0:2) a wand of polymorph (1:1) a wand of probing (0:5) a wand of sleep (0:7) a wand of sleep (0:6) a wand of sleep (0:6) a wand of speed monster (0:7) a wand of speed monster (0:7) a wand of speed monster (0:4) a wand of speed monster (0:3) a wand of striking (0:5) a wand of striking (0:3) a wand of teleportation (1:0) a wand of undead turning (2:1) a wand of wishing named castle (0:2) a wand of wishing (0:1) a wand of wishing (0:1) a can of grease (0:22) a magic marker (1:4) a magic marker (1:0) an uncursed pair of lenses a +0 unicorn horn Contents of the sack named cancellation etc: a wand of cancellation (0:3) a wand of cancellation (1:3) a wand of cancellation (0:2) Jt the Valkyrie's attributes: Background: You were a Champion, a level 28 dwarven Valkyrie. You were lawful, on a mission for Tyr who was opposed by Odin (neutral) and Loki (chaotic). You were heterosexual. You were in the endgame, on the Astral Plane. You entered the dungeon 41609 turns ago. There was a full moon in effect when your adventure ended. You had 570591 experience points, 51409 more were needed for level 29. Your score was 1479251 before end-of-game adjustments. Basics: You had 290 out of 349 hit points. You had all 76 energy points (spell power). Your armor class was -35. Your wallet was empty. Autopickup was off. Final Characteristics: Your strength was 18/94 (limit:18/100). Your dexterity was 19 (base:16, limit:20). Your constitution was 24 (base:20, innate limit:20). Your intelligence was 10 (limit:16). Your wisdom was 16 (limit:16). Your charisma was 13 (limit:16). Final Status: You were satiated. You were unencumbered. You were wielding two weapons at once. You were skilled in long sword and two weapons. Your skill in spear was limited by being skilled with two weapons. You could have enhanced skill with long sword. Final Attributes: You were piously aligned. You were magic-protected. You were fire resistant. You were cold resistant. You were sleep resistant. You were disintegration-resistant. You were shock resistant. You were poison resistant. You were level-drain resistant. You saw invisible. You were telepathic. You had automatic searching. You had infravision. You were stealthy. You had a moderate defense bonus (+9). You were guarded. You took half physical damage. You took half spell damage. You were very fast. Your life would have been saved. You were extremely lucky. You had extra luck. Good luck did not time out for you. You survived. Miscellaneous: You never encountered a bones level. Total elapsed playing time was 13 hours, 36 minutes and 39 seconds. Vanquished creatures: Asmodeus Baalzebub Orcus Yeenoghu Juiblex the Wizard of Yendor (4 times) Death Famine (4 times) Vlad the Impaler an arch-lich a high cleric Medusa 7 krakens 3 iron golems 3 master liches a ki-rin 5 storm giants a glass golem 2 balrogs 3 purple worms 14 gray dragons a gold dragon 3 silver dragons 3 white dragons 3 orange dragons 4 black dragons a blue dragon 4 green dragons 6 yellow dragons 13 minotaurs 4 jabberwocks Lord Surtur 6 baluchitheria 8 Angels 5 demiliches 5 stone golems 4 Olog-hai 4 Nazgul a pit fiend 2 sandestins 2 hell hounds 4 displacer beasts 6 titanotheres 3 trappers a baby yellow dragon 4 disenchanters 2 genetic engineers 41 vampire leaders 6 shades 3 skeletons 20 aligned clerics 7 captains 6 liches 4 clay golems 2 nurses 10 ice devils 5 nalfeshnees a mumak a lurker above 2 Aleaxes 13 frost giants 10 ettins a golden naga 3 black puddings 46 vampires 4 lieutenants a healer a cleric a tourist 3 queen bees 5 winged gargoyles 9 giant mimics 3 orc-captains 3 long worms 5 zruties 24 fire giants 7 ogre tyrants 2 elven monarchs 5 ice trolls 2 rock trolls 13 umber hulks 2 mind flayers a flesh golem 3 doppelgangers 9 hezrous 18 bone devils 7 large mimics 2 wumpuses 14 fire vortices a baby purple worm 16 stalkers an air elemental 4 fire elementals 7 earth elementals 26 water elementals 7 giant mummies 10 elf-nobles 13 xorns 24 giant zombies 12 sergeants 13 barbed devils 10 vrocks 6 salamanders 4 wargs 2 winter wolves 5 hell hound pups 23 small mimics 4 glass piercers 7 warhorses 3 steam vortices 20 xans 7 ettin mummies 4 ogre leaders 15 trolls 5 quantum mechanics a sasquatch 2 wood golems 4 erinyes 6 mariliths 8 sharks 9 electric eels 4 gelatinous cubes 4 pyrolisks 3 large dogs a freezing sphere 5 flaming spheres 6 shocking spheres 3 large cats 8 tigers 7 gargoyles a tengu 6 ochre jellies 7 leocrottas 3 energy vortices 4 mountain centaurs 3 stone giants 3 elf mummies 4 human mummies 3 red nagas 3 green slimes 15 Grey-elves 3 pythons 6 pit vipers 10 cobras 60 wraiths 7 carnivorous apes 18 ettin zombies 3 leather golems 63 soldiers a watchman 8 amorous demons 10 horned devils 9 chameleons 5 crocodiles 20 giant beetles 5 quivering blobs 20 cockatrices 14 wolves 9 winter wolf cubs 3 lynxes 2 panthers 7 gremlins 109 leprechauns 7 mountain nymphs 4 iron piercers 21 giant spiders 7 scorpions 7 horses an ice vortex 6 black lights 12 vampire bats 4 forest centaurs a gnome ruler an orc mummy 2 dwarf mummies 2 ogres 5 brown puddings 5 Green-elves 9 rust monsters 7 owlbears 3 yetis 5 gold golems 2 werewolves 10 piranha 16 giant eels 17 lizards 2 chickatrices 3 dingoes 2 dogs 4 housecats 2 jaguars a dwarf leader 3 blue jellies 4 water nymphs a white unicorn a gray unicorn 2 black unicorns 6 dust vortices 7 ravens a plains centaur 4 gnome mummies 4 Woodland-elves 5 snakes 47 ghosts 8 apes 28 human zombies 4 rope golems 34 soldier ants 19 fire ants 2 imps 4 lemures 8 quasits 5 wood nymphs 2 bugbears 11 Mordor orcs 2 orc shamans 3 rock piercers 2 rock moles 4 ponies 2 fog clouds 7 yellow lights 4 shriekers 5 violet fungi 3 black molds 3 gnome leaders 2 gnomish wizards a Kop Lieutenant 4 kobold mummies a golden naga hatchling 6 gray oozes 2 barrow wights 16 elf zombies 19 ghouls 3 straw golems 2 paper golems 11 jellyfish 27 giant ants 2 little dogs 6 floating eyes 3 kittens 4 homunculi 2 kobold leaders 4 kobold shamans 8 hill orcs 7 rothes 2 rabid rats 3 centipedes 3 giant bats 6 monkeys 16 orc zombies 24 dwarf zombies 2 wererats a werejackal 11 iguanas 44 killer bees an acid blob 3 coyotes 6 hobbits a large kobold a hobgoblin 8 giant rats 6 cave spiders 2 brown molds 3 yellow molds 5 green molds 2 red molds 21 gnomes a garter snake 27 gnome zombies 9 geckos 4 jackals 4 foxes 2 kobolds 9 goblins 2 sewer rats 7 grid bugs 3 bats 16 lichens 13 kobold zombies 12 newts 2069 creatures vanquished. Extinct species: erinyes (extinct) 1 species extinct. Voluntary challenges: You read items or engraved 141 times. You never genocided any monsters. You polymorphed 272 items. You never changed form. You used 3 wishes. You did not wish for any artifacts. You were celibate. You did not violate any of the special Sokoban rules. Achievements: You attained the rank of Skirmisher. You entered the Gnomish Mines. You entered Minetown. You entered a temple. You entered a shop. You attained the rank of Fighter. You entered Sokoban. You completed the Gnomish Mines. You completed Sokoban. You had the Bell of Opening. You consulted the Oracle of Delphi. You attained the rank of Warrior. You defeated Medusa. You entered Gehennom. You learned the tune to open and close the Castle's drawbridge. You attained the rank of Swashbuckler. You had the Bell of Opening. You attained the rank of Heroine. You had the Candelabrum of Invocation. You had the Book of the Dead. You gained access to Moloch's Sanctum. You attained the rank of Champion. You reached the Elemental Planes. You reached the Astral Plane. You delivered the Amulet of Yendor. You ascended! The Elemental Planes: Astral Plane: <- You are here. Some temples. Plane of Water: Plane of Fire: Plane of Air: Plane of Earth: The Dungeons of Doom: levels 1 to 27 Level 1: One way stairs up to The Elemental Planes. Level 2: An altar to Tyr, some fountains. Level 3: Level 4: An altar to Tyr. Stairs down to The Gnomish Mines. Level 5: Level 6: A fountain. Level 7: Level 8: Some fountains. Oracle of Delphi. Level 9: A general store. Stairs up to Sokoban, level 8. Level 10: A fountain. Level 11: An armor shop, a fountain, a sink. Level 12: Level 13: A fountain. Level 14: A fountain. Level 15: "vault" Portal to The Quest. Level 16: Level 17: "vault" A fountain, a grave. Level 18: A fountain. Level 19: A fountain. Level 20: "vault" A fountain. Level 21: "vault" Level 22: Some fountains. Level 23: A general store. Level 24: A fountain. Level 25: "vault" Level 26: Level 27: A fountain. The castle. Connection to Gehennom. Gehennom: levels 28 to 51 Level 28: A temple, many graves. Valley of the Dead. Level 29: Many graves. Level 30: "Asmodeus" Level 31: A fountain. Level 32: Some altars. Level 33: "Baalzebub" Level 34: "Juiblex" Some fountains. Level 35: Many graves. Level 36: A temple. Level 37: "Orcus" Some shops, an altar, many graves. Level 38: Stairs up to Vlad's Tower, level 37. Level 39: "Wizard of Yendor" Level 40: Level 41: Level 42: Many graves. Level 43: Level 44: Many graves. Level 45: Level 46: Level 47: Level 48: "Wizard portal" Level 49: Level 50: Level 51: A temple, many graves. Moloch's Sanctum. The Gnomish Mines: levels 5 to 13 Level 5: Level 6: Level 7: Many shops, a temple, some fountains, a sink. Level 8: Level 9: Level 10: Level 11: Level 12: Level 13: The Quest: levels 1 to 5 Level 1: A fountain, a tree. Completed quest for the Norn. Level 2: Level 3: Level 4: Level 5: Sokoban: levels 8 up to 5 Level 5: Solved. Level 6: Solved. Level 7: Solved. Level 8: Solved. Vlad's Tower: levels 37 up to 34 Level 34: Level 35: Level 36: Level 37: Farvel jt the Demigoddess... You and the owlbear and the baluchitherium and the umber hulk and the displacer beast and the black dragon and the ogre king went to your reward with 3053247 points, Excalibur (worth 4000 zorkmids and 10000 points) Dragonbane (worth 2500 zorkmids and 6250 points) Sol Valtiva (worth 5000 zorkmids and 12500 points) The Bell of Opening (worth 5000 zorkmids and 12500 points) The Book of the Dead (worth 10000 zorkmids and 25000 points) The Candelabrum of Invocation (worth 5000 zorkmids and 12500 points) 1 diamond (worth 4000 zorkmids), 1 ruby (worth 3500 zorkmids), 1 black opal (worth 2500 zorkmids), 1 emerald (worth 2500 zorkmids), 1 amber stone (worth 1000 zorkmids), 1 amethyst stone (worth 600 zorkmids), 1 jasper stone (worth 500 zorkmids), 1 fluorite stone (worth 400 zorkmids), 1 jade stone (worth 300 zorkmids), 3 amulets of life saving (worth 450 zorkmids), 1 amulet of reflection (worth 150 zorkmids), 1 amulet of magical breathing (worth 150 zorkmids), 1 amulet of guarding (worth 150 zorkmids), and 0 pieces of gold, after 41609 moves. You were level 28 with a maximum of 349 hit points when you ascended.